 Dungeon Crawl Stone Soup version 0.27-a0-1137-g3ef0f4ec91 (webtiles) character file.

Game seed: 3536957970925896344

110 kae the Slasher (level 4, 0/35 HPs)
             Began as a Demonspawn Abyssal Knight on May 6, 2021.
             Was a Follower of Lugonu.
             Slain by an orc
             ... wielding a +0 flail
              (3 damage)
             ... on level 3 of the Dungeon.
             The game lasted 00:01:24 (2719 turns).

kae the Slasher (Demonspawn Abyssal Knight)         Turns: 2719, Time: 00:01:25

Health: 0/35       AC:  7    Str: 13    XL:     4   Next: 61%
Magic:  5/5        EV: 11    Int: 13    God:    Lugonu [*.....]
Gold:   104        SH:  0    Dex: 13    Spells: 3/3 levels left

rFire    . . .     SeeInvis .   a - +1 falchion
rCold    . . .     Faith    .   (no shield)
rNeg     . . .     Spirit   .   b - +0 leather armour
rPois    .         Reflect  .   (no helmet)
rElec    .         Harm     .   (no cloak)
rCorr    .         Rampage  .   (no gloves)
Will     .....                  (no boots)
Stlth    +.........             (no amulet)
HPRegen  0.11/turn              e - +4 ring of protection
MPRegen  0.18/turn              (no ring)

@: no status effects
A: talons 2, magic regeneration
a: Renounce Religion, Depart the Abyss


You were on level 3 of the Dungeon.
You worshipped Lugonu.
Lugonu was aware of your devotion.
You visited 1 branch of the dungeon, and saw 3 of its levels.
You visited the Abyss 1 time.

You collected 104 gold pieces.

Inventory:

Hand Weapons
 a - a +1 falchion (weapon)
Armour
 b - a +0 leather armour (worn)
Jewellery
 e - a +4 ring of protection (left hand)
Scrolls
 h - 2 scrolls of silence {unknown}
Potions
 c - a potion of brilliance
 d - 2 potions of might
 f - 2 potions of resistance {unknown}
 g - a potion of attraction {unknown}
 i - a potion of lignification {unknown}


   Skills:
 - Level 3.0 Fighting
 + Level 4.4 Long Blades
 - Level 1.7 Armour
 - Level 0.8 Dodging
 - Level 2.4 Invocations


You had 3 spell levels left.
You didn't know any spells.
Your spell library was empty.

Dungeon Overview and Level Annotations

Branches:
Dungeon (3/15)

Altars:

Shops:
D:2 [


Innate Abilities, Weirdness & Mutations

You have razor-sharp toenails.
You regenerate magic rapidly.


Message History

The orc is moderately wounded.
The orc hits you with a +0 club. The orc closely misses you.
You are too injured to fight recklessly!
You are too injured to fight recklessly!
You hit the orc.
The orc is moderately wounded.
The orc hits you but does no damage. x2
The orc barely misses you.
You hit the orc.
The orc is severely wounded.
The orc hits you but does no damage.
You hit the orc but do no damage.
The orc is heavily wounded.
The orc barely misses you.
You hit the orc. You claw the orc, but do no damage.
The orc is almost dead.
The orc closely misses you.
You riposte.
You hit the orc but do no damage. You claw the orc.
You kill the orc!
Lugonu accepts your kill. The orc hits you but does no damage.
The orc hits you with a +0 flail!
Things that are here:
a +0 club; a +0 chain mail You closely miss the orc.
The orc barely misses you. x2
You hit the orc.
The orc is severely wounded.
The orc misses you.
You riposte.
You hit the orc.
You kill the orc!
Lugonu accepts your kill. The orc hits you but does no damage.
You barely miss the orc. The orc hits you but does no damage.
The orc misses you.
You closely miss the orc. Your kick misses the orc.
The orc hits you but does no damage. The orc hits you with a +0 flail!
* * * LOW HITPOINT WARNING * * *
You hit the orc but do no damage. The orc barely misses you.
The orc hits you with a +0 flail.
* * * LOW HITPOINT WARNING * * *
The orc hits you with a +0 flail.
You die...

######.# ##.#.......#
.......#### #.#.####..#
##........# ##.#.......#
..........##.......##...#
.#........##.##..#.#....#
.#<.......# ##.#.#.#..#
.#........# #.S......#
.#........##.####o##.#.####
.#........##....@oo.......+
.#.......#########.#.#.####
##.......+ .....#.#
####+##o# #...oo.....#
#..........# #..........#
#..........# #..........#


You could see an adder and 3 orcs.

Vanquished Creatures
  An orc wizard (D:3)
  4 adders (D:2)
  4 orcs (D:3)
  6 ball pythons
  2 bats
  2 endoplasms
  A giant cockroach (D:2)
  4 goblins (D:1)
  6 hobgoblins
  4 kobolds
  3 quokkas
  4 frilled lizards
  4 rats
45 creatures vanquished.

Notes
Turn   | Place    | Note
-------+----------+-------------------------------------------
     0 | Abyss:1  | kae the Demonspawn Abyssal Knight began the quest for the
                  | Orb.
     0 | Abyss:1  | Reached XP level 1. HP: 18/18 MP: 2/2
    54 | Abyss:1  | Noticed a smoke demon
    93 | Abyss:1  | Found a corrupted altar of Lugonu.
    93 | Abyss:1  | Noticed a wretched star
    95 | D:1      | Escaped the Abyss
   132 | D:1      | Reached * piety under Lugonu
   133 | D:1      | Reached skill level 2 in Long Blades
   179 | D:1      | Found a faded altar of an unknown god.
   306 | D:1      | Gained mutation: You have sharp toenails. [demonic
                  | ancestry]
   306 | D:1      | Reached XP level 2. HP: 23/24 MP: 3/3
   778 | D:1      | Reached skill level 3 in Long Blades
  1074 | D:2      | Gained mutation: You have razor-sharp toenails. [demonic
                  | ancestry]
  1074 | D:2      | Reached XP level 3. HP: 19/29 MP: 4/4
  1758 | D:2      | Found Xiph's Antique Armour Shop.
  2112 | D:2      | Reached skill level 4 in Long Blades
  2112 | D:2      | Gained mutation: You regenerate magic rapidly. [demonic
                  | ancestry]
  2112 | D:2      | Reached XP level 4. HP: 31/35 MP: 5/5
  2719 | D:3      | Slain by an orc

Illustrated notes

Levels and vault maps discovered:
D:1:      sevenhm_arrival_forest_fort_small_3, layout_loops_ring,
          hellmonk_ecumenical_altar_zigzags, minmay_tall_x
D:2:      layout_basic, serial_shops, shop
D:3:      layout_basic, hangedman_ru_absence, lemuel_doored_altar, uniq_ijyb

Skill      XL: |  1  2  3 |
---------------+----------+-----
Long Blades    | 2 3 4 |  4.4
Fighting       | |  3.0
Armour         | |  1.7
Dodging        | |  0.8
Invocations    | |  2.4

Action                   |  1- 3 |  4- 6 || total
-------------------------+-------+-------++-------
Melee: Falchion          |    85 |    53 ||   138
       Kick              |    14 |    16 ||    30
Invok: Depart the Abyss  |     1 |       ||     1
  Use: Scroll            |     1 |     1 ||     2
Armor: Leather armour    |    30 |    27 ||    57
Dodge: Dodged            |    55 |    25 ||    80
       Rpst.: Falchion   |    17 |     6 ||    23

Table legend: (Time is in decaauts)
 A = Elapsed time spent in this place.
 B = Non-inter-level travel time spent in this place.
 C = Inter-level travel time spent in this place.
 D = Time resting spent in this place.
 E = Time spent auto-exploring this place.
 F = Levels seen in this place.
 G = Mean time per level.
                   A        B        C        D        E       F      G
               +--------+--------+--------+--------+--------+-----+--------+
         Total |   2734 |   2558 |    176 |      0 |   2235 |   4 |  683.5 |
       Dungeon |   2639 |   2463 |    176 |      0 |   2176 |   3 |  879.7 |
         Abyss |     95 |     95 |      0 |      0 |     59 |   1 |   95.0 |
               +--------+--------+--------+--------+--------+-----+--------+

Top non-repeatable levels by time:
     D:2: 1236 daAuts
     D:1: 959 daAuts
     D:3: 442 daAuts
 Abyss:1: 95 daAuts
